 Dungeon Crawl Stone Soup version 0.22-a0-439-gac93bac (webtiles) character file.

28833 Shuf the Fighter (level 13, 0/125 HPs)
             Began as a Hill Orc Fighter on May 29, 2018.
             Was a High Priest of Okawaru.
             Slain by a blink frog (14 damage)
             ... on level 5 of the Lair of Beasts.
             The game lasted 01:00:20 (14488 turns).

Shuf the Fighter (Hill Orc Fighter)                Turns: 14488, Time: 01:00:20

Health: 0/125      AC:  4    Str: 20    XL:     13   Next: 41%
Magic:  20/20      EV:  9    Int: 15    God:    Okawaru [*****.]
Gold:   815        SH: 22    Dex: 13    Spells: 12/12 levels left

rFire    . . .     SeeInvis +   a - +3 flail (drain)
rCold    . . .     Gourm    .   F - +0 large shield
rNeg     + + .     Faith    .   Q - +5 chain mail of Duann {rN+ MR+ Slay+3 Stlth+}
rPois    .         Spirit   .   w - +0 hat
rElec    +         Reflect  +   N - scarf {repulsion}
rCorr    +         Harm     .   V - +1 pair of gloves {Dex+3}
MR       +....                  q - +2 pair of boots
Stlth    +.........             B - amulet "Camuojou" {Reflect +Inv rElec rN+ Int+3 SH+2}
HPRegen  0.30/turn              u - ring of see invisible
MPRegen  0.17/turn              h - ring of resist corrosion

@: heroism, corroded, repel missiles
A: no striking features
a: Heroism, Finesse, Renounce Religion, Evoke Invisibility


You were on level 5 of the Lair of Beasts.
You worshipped Okawaru.
Okawaru was extremely pleased with you.
You were not hungry.

You visited 3 branches of the dungeon, and saw 16 of its levels.
You also visited: Labyrinth.

You collected 958 gold pieces.
You spent 143 gold pieces at shops.

Inventory:

Hand Weapons
 a - a +3 flail of draining (weapon)
 b - the +0 dire flail of Brutal Revenge {drain, rElec rPois rF+ Int+2}
   (You took it off a minotaur in a labyrinth)

   A truly terrible weapon, it drains the life of those it strikes.
   It affects your intelligence (+2).
   It protects you from fire.
   It insulates you from electricity.
   It protects you from poison.
 c - a +1 hand axe of flaming
 d - a +0 blowgun
Missiles
 p - 24 poisoned needles
 y - 19 tomahawks (quivered)
 I - 2 poisoned tomahawks
 L - 16 javelins of returning
 U - 7 javelins of penetration
 W - 4 javelins
Armour
 q - a +2 pair of boots (worn)
 w - a +0 hat (worn)
 F - a +0 large shield (worn)
 N - a scarf of repulsion (worn)
 Q - the +5 chain mail of Duann (worn) {rN+ MR+ Slay+3 Stlth+}
   (You took it off a minotaur in a labyrinth)

   It affects your accuracy and damage with ranged weapons and melee attacks
   (+3).
   It protects you from negative energy.
   It affects your resistance to hostile enchantments.
   It makes you more stealthy.
 V - a +1 pair of gloves of dexterity (worn)
 X - a +2 chain mail of cold resistance
Jewellery
 h - a ring of resist corrosion (right hand)
 m - an uncursed ring of wizardry
 u - a ring of see invisible (left hand)
 B - the amulet "Camuojou" (around neck) {Reflect +Inv rElec rN+ Int+3 SH+2}
   (You acquired it on level 4 of the Lair of Beasts)

   [amulet of reflection]

   It shields you and reflects attacks.
   It affects your intelligence (+3).
   It insulates you from electricity.
   It protects you from negative energy.
   It lets you turn invisible.
   It affects your SH (+2).
 P - an uncursed ring of protection from magic
Wands
 g - a wand of acid (11)
 C - a wand of polymorph (8)
 E - a wand of scattershot (6)
 G - a wand of enslavement (18)
 K - a wand of digging (13)
 R - a wand of random effects (29)
 S - a wand of clouds (5)
Scrolls
 e - 8 scrolls of teleportation
 j - a scroll of fear
 k - 2 scrolls of amnesia
 n - 5 scrolls of enchant weapon
 o - 5 scrolls of remove curse
 x - 4 scrolls of enchant armour
 M - a scroll of fog
 Y - a scroll of holy word {unknown}
Potions
 i - a potion of cancellation {unknown}
 l - 2 potions of mutation
 r - 2 potions of flight {unknown}
 s - 3 potions of lignification
 t - 3 potions of ambrosia {unknown}
 z - a potion of agility
 A - 3 potions of curing
 D - 2 potions of brilliance
 H - 2 potions of magic {unknown}
 J - 2 potions of might
 T - 2 potions of resistance
Miscellaneous
 O - a sack of spiders
Comestibles
 f - 29 rations


   Skills:
 * Level 14.3(19.3) Fighting
 * Level 13.0(18.0) Maces & Flails
 + Level 10.0(15.0) Armour
 + Level 10.0(15.0) Shields
 - Level 10.3 Invocations
 + Level 1.6 Evocations


You had 12 spell levels left.
You didn't know any spells.
Your spell library contained the following spells:

 Spells                   Type           Power        Failure   Level  Hunger
 Magic Dart               Conj           #...         99%         1    ##.....
 Iskenderun's Mystic Bla  Conj           #.......     100%        4    #####..
 Animate Dead             Necr           N/A          100%        4    #####..
 Summon Ice Beast         Ice/Summ       #.......     100%        4    #####..
 Stone Arrow              Conj/Erth      #.....       100%        3    ####...
 Recall                   Summ/Tloc      N/A          100%        3    ####...
 Death Channel            Necr           #.........   100%        6    #######
 Passwall                 Tmut/Erth      #.......     100%        2    ###....
 Call Canine Familiar     Summ           #.......     100%        3    ####...
 Summon Butterflies       Summ           #.......     99%         1    ##.....
 Lee's Rapid Deconstruct  Erth           #.........   100%        5    ######.
 Sandblast                Erth           #.....       99%         1    ##.....
 Simulacrum               Ice/Necr       #.........   100%        6    #######
 Petrify                  Tmut/Erth      #.......     100%        4    #####..
 Summon Hydra             Summ           #.........   100%        7    #######
 Fulminant Prism          Conj/Hex       #.........   100%        4    #####..
 Dazzling Spray           Conj/Hex       #.....       100%        3    ####...
 Force Lance              Conj/Tloc      #.......     100%        4    #####..
 Searing Ray              Conj           #.....       100%        2    ###....
 Summon Mana Viper        Hex/Summ       #.......     100%        5    ######.
 Borgnjor's Vile Clutch   Necr/Erth      #.........   100%        5    ######.


Dungeon Overview and Level Annotations

Branches:
Dungeon (10/15)            Temple (1/1) D:4            Lair (5/6) D:10
 Shoals (0/4) Lair:3       Spider (0/4) Lair:2        Slime (0/5) Lair:5
    Orc (0/2) D:10

Altars:
Ashenzari
Cheibriados
Dithmenos
Elyvilon
Fedhas
Gozag
Hepliaklqana
Kikubaaqudgha
Makhleb
Nemelex Xobeh
Okawaru
Qazlal
Ru
Sif Muna
Trog
Uskayaw
Vehumet
Wu Jian
Xom
Yredelemnul
Zin
The Shining One
Beogh

Shops:
D:5 !

Annotations:
Lair:5 exclusion: 2 oklob plants, Kirke


Message History

You hit the blink frog but do no damage.
You drain the blink frog!
The blink frog is lightly wounded.
The blink frog closely misses you. You block the blink frog's attack.
You miss the blink frog.
The blink frog is lightly wounded.
The blink frog hits you!
* * * LOW HITPOINT WARNING * * *
You block the blink frog's attack.
You feel better. The blink frog hits you.
* * * LOW HITPOINT WARNING * * *
You block the blink frog's attack.
You bludgeon the blink frog!! You drain the blink frog!
You kill the blink frog!
Okawaru accepts your kill. The blink frog closely misses you.
The blink frog blinks!
You miss the blink frog.
The blink frog is lightly wounded.
The blink frog hits you!
You die...

## .# #P. ..P #.. ...#...##
#....##..# ......... ##
#..##.#..### #....P.# ... #
...P......#####......###... #
....F......#.P.......#....P
#...#.§F...............##
###...#.#@#.#.##.......... ####
#.#.....#### #..........# .#.##
##..F....# #####....>....#.
....###.....#..###.####........P.
P......#.F###..P#................
#........## #..................##
###.#...>.###..##...#...#....#...
#.##.....##.#.##...##.#.#.......
## ##.P.......#÷...#.#####.##P##


You could see 2 blink frogs.

Vanquished Creatures
  A minotaur (Lab)
  5 hydras
  Urug (Lair:3)
  A cyclops (D:9)
  An oklob plant (Lair:5)
  An elephant (Lair:5)
  A black mamba (Lair:4)
  Joseph (D:7)
  The ghost of Mgcat the Cleaver, a novice HOBe of Trog (D:4)
  6 spiny frogs
  7 komodo dragons
  4 polar bears
  7 blink frogs
  8 dream sheep
  4 hippogriffs
  4 redbacks
  2 spriggans (Lair:3)
  Eustachio (D:4)
  28 yaks
  A wyvern (D:9)
  3 basilisks
  A hungry ghost (D:9)
  A steam dragon (D:9)
  Edmund (D:5)
  10 porcupines
  3 sky beasts
  6 water moccasins
  7 orc warriors
  A black bear (Lair:3)
  3 ice beasts
  2 phantoms
  A centaur (Lair:3)
  4 wolves
  8 ogres
  12 crocodiles
  5 big kobolds
  6 bullfrogs
  A gnoll sergeant (D:6)
  A scorpion (D:4)
  6 killer bees (D:9)
  2 electric eels
  4 howler monkeys
  3 crimson imps
  2 centaur zombies
  A quasit (D:9)
  5 bullfrog skeletons
  5 hounds
  3 jellies
  A centaur skeleton (D:6)
  2 orc priests
  3 orc wizards
  5 iguanas
  7 worker ants
  A worker ant zombie (D:8)
  12 gnolls
  8 adders
  A shadow imp (D:7)
  A howler monkey simulacrum (D:8)
  2 oozes
  2 ufetubi (D:8)
  An adder zombie (D:8)
  2 adder skeletons
  A worm (D:4)
  2 dart slugs
  7 leopard geckos
  29 orcs
  2 ball pythons
  2 giant cockroaches
  2 goblins (D:2)
  10 hobgoblins
  4 jackals
  5 quokkas
  5 bats
  7 frilled lizards
  20 kobolds
  2 quokka zombies
  9 rats
  2 plants
349 creatures vanquished.

Vanquished Creatures (others)
  9 fungi
  2 plants
11 creatures vanquished.

Grand Total: 360 creatures vanquished

Notes
Turn   | Place    | Note
-------+----------+-------------------------------------------
     0 | D:1      | Shuf the Hill Orc Fighter began the quest for the Orb.
     0 | D:1      | Reached XP level 1. HP: 19/19 MP: 1/1
   117 | D:1      | Reached XP level 2. HP: 21/27 MP: 2/2
   274 | D:1      | Reached skill level 4 in Fighting
   670 | D:2      | Reached XP level 3. HP: 24/33 MP: 3/3
  1348 | D:3      | Reached XP level 4. HP: 13/41 MP: 4/4
  1396 | D:3      | Found a shimmering altar of Xom.
  1603 | D:3      | Found a shimmering altar of Xom.
  1605 | D:3      | Found a shimmering altar of Xom.
  1628 | D:3      | Reached XP level 5. HP: 47/47 MP: 5/5
  1649 | D:3      | Found a glowing silver altar of Zin.
  1652 | D:3      | Found a deep blue altar of Sif Muna.
  1655 | D:3      | Found a shadowy altar of Dithmenos.
  1658 | D:3      | Found a sparkling altar of Nemelex Xobeh.
  2185 | D:4      | Noticed Eustachio
  2196 | D:4      | Reached skill level 5 in Fighting
  2284 | D:4      | Killed Eustachio
  2284 | D:4      | Reached XP level 6. HP: 20/56 MP: 6/6
  2589 | D:4      | Noticed Mgcat's ghost (novice HOBe)
  3396 | D:4      | Found a staircase to the Ecumenical Temple.
  3407 | Temple   | Entered the Ecumenical Temple
  3478 | Temple   | Became a worshipper of Warmaster Okawaru
  3662 | D:4      | Reached skill level 6 in Fighting
  3756 | D:4      | Reached XP level 7. HP: 60/63 MP: 7/7
  3852 | D:4      | Reached skill level 5 in Maces & Flails
  3909 | D:5      | Entered Level 5 of the Dungeon
  3916 | D:5      | Reached skill level 1 in Invocations
  4314 | D:5      | Found Xirecaja's Distillery.
  4321 | D:5      | Bought a potion of curing for 39 gold pieces
  4321 | D:5      | Bought a potion of curing for 39 gold pieces
  4321 | D:5      | Bought a potion of heal wounds for 65 gold pieces
  4446 | D:5      | Reached * piety under Okawaru
  4511 | D:5      | Noticed Edmund
  4527 | D:5      | Killed Edmund
  4527 | D:5      | Reached skill level 7 in Fighting
  4527 | D:5      | Reached skill level 5 in Armour
  4527 | D:5      | Reached skill level 5 in Shields
  4527 | D:5      | Reached XP level 8. HP: 60/73 MP: 9/9
  5067 | D:4      | Killed Mgcat's ghost
  5591 | D:6      | Reached ** piety under Okawaru
  5591 | D:6      | Reached skill level 8 in Fighting
  5768 | D:6      | Reached XP level 9. HP: 81/81 MP: 12/12
  6490 | D:7      | Reached skill level 9 in Fighting
  6534 | D:7      | Noticed Joseph
  6547 | D:7      | Killed Joseph
  6547 | D:7      | Reached *** piety under Okawaru
  6547 | D:7      | Reached skill level 5 in Invocations
  7019 | D:8      | Noticed a polar bear
  7042 | D:8      | Killed a polar bear
  7042 | D:8      | Reached XP level 10. HP: 57/92 MP: 14/14
  7238 | D:8      | Found a roughly hewn altar of Beogh.
  7254 | D:8      | Reached skill level 10 in Fighting
  7267 | D:7      | Reached **** piety under Okawaru
  8511 | D:9      | Noticed a cyclops
  8986 | D:9      | Reached ***** piety under Okawaru
  9013 | D:9      | Reached skill level 11 in Fighting
  9058 | D:9      | Noticed a three-headed hydra
  9074 | D:9      | Killed a three-headed hydra
  9074 | D:9      | Reached skill level 10 in Maces & Flails
  9074 | D:9      | Reached XP level 11. HP: 51/102 MP: 13/16
  9231 | D:9      | Found a white marble altar of Elyvilon.
  9494 | D:9      | Killed a cyclops
  9624 | D:10     | Entered Level 10 of the Dungeon
  9783 | D:10     | Found a staircase to the Orcish Mines.
  9948 | D:10     | Reached skill level 12 in Fighting
 10014 | D:10     | Found a staircase to the Lair.
 10029 | D:10     | Reached ****** piety under Okawaru
 10056 | Lair:1   | Entered Level 1 of the Lair of Beasts
 10096 | Lair:1   | Noticed a four-headed hydra
 10106 | Lair:1   | Killed a four-headed hydra
 10151 | Lair:1   | Received a gift from Okawaru
 10378 | Lair:1   | Reached XP level 12. HP: 90/113 MP: 18/18
 10918 | Lair:2   | Found a labyrinth entrance.
 10923 | Lair:2   | Found a hole to the Spider Nest.
 10934 | Lab      | Entered a labyrinth
 11401 | Lab      | Noticed a minotaur
 11419 | Lab      | Killed a minotaur
 11421 | Lab      | Got an iridescent dire flail {drain}
 11421 | Lab      | Got a transparent chain mail
 11429 | Lab      | Got an iridescent lajatang
 11475 | Lair:2   | Identified the +5 chain mail of Duann {rN+ MR+ Slay+3 Stlth+} (You took it off a minotaur in a labyrinth)
 11483 | Lair:2   | Identified the +6 lajatang of Inuy {freeze, Str+3} (You found it in a labyrinth)
 11484 | Lair:2   | Identified the cursed +0 dire flail of Brutal Revenge {drain, rElec rPois rF+ Int+2} (You took it off a minotaur in a labyrinth)
 11674 | Lair:2   | Reached skill level 13 in Fighting
 12752 | Lair:3   | Noticed Urug
 12767 | Lair:3   | Killed Urug
 12767 | Lair:3   | Received a gift from Okawaru
 12965 | Lair:3   | Found a staircase to the Shoals.
 12968 | Lair:3   | Noticed a seven-headed hydra
 12974 | Lair:3   | Killed a seven-headed hydra
 12974 | Lair:3   | Reached skill level 10 in Invocations
 13330 | Lair:4   | Reached XP level 13. HP: 123/123 MP: 20/20
 13356 | Lair:4   | Reached skill level 14 in Fighting
 13509 | Lair:4   | Identified a scroll of acquirement
 13511 | Lair:4   | Got a fine tin amulet
 13512 | Lair:4   | Identified the amulet "Camuojou" {Reflect +Inv rElec rN+ Int+3 SH+2} (You acquired it on level 4 of the Lair of Beasts)
 13827 | Lair:4   | Reached skill level 10 in Armour
 13827 | Lair:4   | Reached skill level 1 in Evocations
 13978 | Lair:5   | Found a staircase to the Slime Pits.
 14039 | Lair:5   | Received a gift from Okawaru
 14039 | Lair:5   | Reached skill level 10 in Shields
 14439 | Lair:5   | Noticed Kirke
 14488 | Lair:5   | Slain by a blink frog

Vault maps used:
D:1:      saegor_arrival_miasma, minmay_misc_feat_iff
D:2:      fountainhead
D:3:      grunt_temple_overflow_cloverleaf, first_ration, xom_redecorated
D:4:      temple_statues, uniq_eustachio
D:5:      serial_shops, nicolae_shop_trees, uniq_edmund
D:7:      uniq_joseph
D:8:      serial_ice, serial_ice_j, serial_ice_m, serial_ice_g, serial_ice_d,
          special_room
D:9:      kennysheep_blocky_room, kennysheep_mini_moat, hangedman_ranch
D:10:     david_lair_shrubbed, orc_0_dummy, serial_shops, shop
Temple:   minmay_crystal_spiral_temple
Lair:1:   serial_bayou_lagoon_b
Lair:2:   spider_nest_entry_rubble, lab_entry_generic
Lair:3:   minmay_shoals_entry_centaurs, forest_entry_grove, uniq_urug
Lair:5:   minmay_slime_entry_oklob_open, nicolae_quartered_pool_super,
          minmay_lair_oklob_chamber, uniq_kirke
Lab:      labyrinth_mini_lab, lab_hedge, nicolae_lab_statue,
          nicolae_lab_quarters, nicolae_lab_big_swirl, nicolae_lab_stuck,
          nicolae_lab_lava, nicolae_lab_x, nicolae_lab_starburst

Skill      XL: |  1  2  3  4  5  6  7  8  9 10 11 12 13 |
---------------+----------------------------------------+-----
Fighting       | 4 5 6 7 8 9 11 12 13 14 | 14.3
Maces & Flails | 3 4 5 7 8 10 11 12 13 | 13.0
Armour         | 4 5 6 7 8 9 10 | 10.0
Shields        | 4 5 6 7 8 9 10 | 10.0
Invocations    | 2 4 5 7 8 10 | 10.3
Evocations     | 1 |  1.6

Action                   |  1- 3 |  4- 6 |  7- 9 | 10-12 | 13-15 || total
-------------------------+-------+-------+-------+-------+-------++-------
Melee: Flail             |   146 |   250 |   403 |   767 |   123 ||  1689
       Hand axe          |       |       |       |    23 |    28 ||    51
Invok: Heroism           |       |       |     2 |    14 |     5 ||    21
       Finesse           |       |       |       |     1 |       ||     1
Evoke: Wand              |       |       |     1 |       |       ||     1
  Use: Scroll            |       |     5 |     1 |     8 |     3 ||    17
       Potion            |       |     6 |       |     2 |     2 ||    10
  Eat: Chunk             |     1 |     6 |     7 |    22 |     1 ||    37
       Ration            |       |     1 |     1 |     1 |     1 ||     4
Armor: Scale mail        |    92 |   171 |   197 |     9 |       ||   469
       Plate armour      |       |       |       |   227 |       ||   227
       Chain mail        |       |       |       |    93 |    51 ||   144
Dodge: Dodged            |    54 |    77 |   118 |   125 |    22 ||   396
       Deflected         |       |       |       |     1 |     2 ||     3
Block: Shield            |    72 |   130 |   211 |   307 |       ||   720
       Large shield      |       |       |       |   109 |   122 ||   231
       Reflection        |       |       |       |       |     1 ||     1

Table legend:
 A = Spawn XP
 B = Non-spawn XP
 C = Spawn XP percentage of total XP
 D = Spawn monster count
 E = Non-spawn monster count
 F = Spawn count percentage of total count
 G = Total turns spent on level
                    A         B        C        D         E        F      G
               +---------+---------+-------+---------+---------+-------+---------
         Total |       0 |   41190 |   0.0 |       0 |     347 |   0.0 | 14488
               +---------+---------+-------+---------+---------+-------+---------
           D:1 |       0 |      26 |   0.0 |       0 |      19 |   0.0 |   657
           D:2 |       0 |      33 |   0.0 |       0 |      14 |   0.0 |   494
           D:3 |       0 |     133 |   0.0 |       0 |      22 |   0.0 |  1541
           D:4 |       0 |     993 |   0.0 |       0 |      18 |   0.0 |  1416
           D:5 |       0 |     634 |   0.0 |       0 |      14 |   0.0 |  1155
           D:6 |       0 |     873 |   0.0 |       0 |      23 |   0.0 |   763
           D:7 |       0 |    1794 |   0.0 |       0 |      29 |   0.0 |  1110
           D:8 |       0 |    1712 |   0.0 |       0 |      40 |   0.0 |   841
           D:9 |       0 |    5658 |   0.0 |       0 |      51 |   0.0 |  1475
          D:10 |       0 |    3768 |   0.0 |       0 |      21 |   0.0 |   432
        Lair:1 |       0 |    3180 |   0.0 |       0 |      14 |   0.0 |   828
        Lair:2 |       0 |    4137 |   0.0 |       0 |      20 |   0.0 |   869
        Lair:3 |       0 |    6912 |   0.0 |       0 |      31 |   0.0 |  1042
        Lair:4 |       0 |    6668 |   0.0 |       0 |      19 |   0.0 |   636
        Lair:5 |       0 |    2629 |   0.0 |       0 |       7 |   0.0 |   538
           Lab |       0 |    2040 |   0.0 |       0 |       5 |   0.0 |   519
               +---------+---------+-------+---------+---------+-------+---------
